 Dungeon Crawl Stone Soup version 0.26-a0-646-g5d77183 (webtiles) character file.

Game seed: 5979944574769776719

9925 robertstho the Protected (level 11, -24/103 HPs)
             Began as a Deep Dwarf Fighter on Sept 24, 2020.
             Was an Elder of Makhleb.
             Annihilated by a very large slime creature (33 damage)
             ... on level 11 of the Dungeon.
             The game lasted 00:14:19 (8429 turns).

robertstho the Protected (Deep Dwarf Fighter)       Turns: 8429, Time: 00:14:20

Health: -24/103    AC: 27    Str: 31    XL:     11   Next: 29%
Magic:  9/9        EV:  6    Int:  9    God:    Makhleb [****..]
Gold:   213        SH: 18    Dex: 12    Spells: 10/10 levels left

rFire    . . .     SeeInvis .   C - +1 flail of Kasof {protect, Fragile rPois Str+8 Stlth-} (curse)
rCold    . . .     Faith    .   L - +0 tower shield
rNeg     . . .     Spirit   .   x - +0 plate armour
rPois    +         Reflect  .   D - +2 hat
rElec    .         Harm     .   E - +0 cloak
rCorr    .         Rampage  .   H - +1 pair of gloves
MR       +....                  (no boots)
Stlth    ..........             z - amulet of magic regeneration
HPRegen  0.00/turn              d - ring of stealth
MPRegen  0.36/turn              (no ring)

@: protection aura, non-regenerating
A: damage resistance, heal wounds, sense surroundings 2, no regeneration
a: Heal Wounds, Minor Destruction, Lesser Servant of Makhleb, Major Destruction,
Renounce Religion


You were on level 11 of the Dungeon.
You worshipped Makhleb.
Makhleb was greatly pleased with you.
You visited 2 branches of the dungeon, and saw 12 of its levels.

You collected 638 gold pieces.
You spent 425 gold pieces at shops.

Inventory:

Hand Weapons
 a - a +0 war axe
 y - a +2 scimitar of venom
 C - the cursed +1 flail of Kasof (weapon) {protect, Fragile rPois Str+8 Stlth-}
   (You found it on level 7 of the Dungeon)

   It grants its wielder temporary protection when it strikes (+7 to AC).
   It affects your strength (+8).
   It protects you from poison.
   It will be destroyed if unequipped.
   It makes you less stealthy.
   It has a curse placed upon it.
Armour
 x - a +0 plate armour (worn)
 D - a +2 hat (worn)
 E - a +0 cloak (worn)
 H - a +1 pair of gloves (worn)
 L - a +0 tower shield (worn)
Jewellery
 d - a ring of stealth (left hand)
 z - an amulet of magic regeneration (around neck)
Scrolls
 f - 9 scrolls of remove curse
 h - 4 scrolls of random uselessness {unknown}
 j - 3 scrolls of enchant weapon {unknown}
 k - 2 scrolls of teleportation
 l - 2 scrolls of fear {unknown}
 m - 4 scrolls of magic mapping {unknown}
 r - 2 scrolls of enchant armour {unknown}
 s - 5 scrolls of amnesia {unknown}
 t - a scroll of blinking {unknown}
 A - 2 scrolls of vulnerability
 G - a scroll of brand weapon {unknown}
 J - a scroll of summoning {unknown}
 K - a scroll of fog {unknown}
Potions
 b - a potion of magic
 e - a potion of ambrosia
 g - 2 potions of cancellation
 i - 5 potions of haste
 n - a potion of resistance
 o - 6 potions of curing
 u - 3 potions of invisibility
 v - 3 potions of stabbing
 w - 4 potions of brilliance
 B - a potion of berserk rage
 F - 2 potions of lignification


   Skills:
 * Level 8.0 Fighting
 + Level 4.0 Long Blades
 + Level 7.3(8.2) Axes
 + Level 5.2(6.7) Maces & Flails
 * Level 10.1 Armour
 + Level 2.3 Dodging
 + Level 0.2 Stealth
 + Level 8.0 Shields
 * Level 8.0 Invocations


You had 10 spell levels left.
You didn't know any spells.
Your spell library contained the following spells:

 Spells                   Type           Power        Failure   Level
 Animate Skeleton         Necr           #.....       100%        1
 Foxfire                  Conj/Fire      #...         100%        1
 Pain                     Necr           #...         100%        1
 Poisonous Vapours        Pois/Air       #.....       100%        2
 Confusing Touch          Hex            #.......     100%        3
 Conjure Flame            Conj/Fire      #.......     100%        3
 Gell's Gravitas          Tloc           #.........   100%        3
 Inner Flame              Hex/Fire       #.......     100%        3
 Mephitic Cloud           Conj/Pois/Air  #.......     100%        3
 Vampiric Draining        Necr           #.........   100%        3
 Animate Dead             Necr           #.........   100%        4
 Petrify                  Tmut/Erth      #.......     100%        4
 Sticky Flame             Conj/Fire      #.......     100%        4
 Agony                    Necr           #.......     100%        5
 Fireball                 Conj/Fire      #.........   100%        5
 Metabolic Englaciation   Hex/Ice        #.........   100%        5
 Yara's Violent Unravell  Hex/Tmut       #.........   100%        5
 Freezing Cloud           Conj/Ice/Air   #.........   100%        6


Dungeon Overview and Level Annotations

Branches:
Dungeon (11/15)            Temple (1/1) D:5            Lair (0/6) D:8
    Orc: D:9-12

Altars:
Ashenzari
Cheibriados
Dithmenos
Elyvilon
Fedhas
Gozag
Hepliaklqana
Kikubaaqudgha
Makhleb
Nemelex Xobeh
Okawaru
Qazlal
Ru
Sif Muna
Trog
Uskayaw
Vehumet
Wu Jian
Xom
Yredelemnul
Zin
The Shining One
Lugonu

Shops:
D:6 (   D:8 *(?(

Annotations:
D:6 1 runed translucent door, droidtality's ghost, novice HaHu
D:8 scroll shop


Innate Abilities, Weirdness & Mutations

You are resistant to damage.
You can heal yourself by infusing magical energy.
You passively map the area around you.
You do not regenerate.


Message History

The very large slime creature hits you but does no damage.
You block the orc warrior's attack.
The orc wizard hits you but does no damage.
You block the large slime creature's attack.
You sock the large slime creature!
The large slime creature is severely wounded.
The very large slime creature hits you!!
You block the orc wizard's attack. You block the orc warrior's attack.
You block the cyclops's attack.
The large slime creature hits you but does no damage.
The very large slime creature hits you but does no damage.
You hit the large slime creature.
The large slime creature is severely wounded.
The orc wizard completely misses you.
The orc warrior hits you but does no damage.
The cyclops hits you but does no damage.
The large slime creature hits you!!
* * * LOW HITPOINT WARNING * * *
The very large slime creature hits you!!
You die...

, , ^ , ,, , , * , ...
* .# , , * , ,..,,*
##.# , * ,,,, ,, * ,,
.. * ..... , # ####. *
....., * * *#.#....,
...... ,* ,..
.##...#o####...... ,
......./ooCJo........
...###...J@##........,
, *
..{.....####..#......
*,
,......#.##.J.##......
...........### ....$ *
* ,,.......#.###
.....,* * .......J...#
####*
,......##.#.#########
##### ,.....
#.).........####....
,....
##.................[


You could see a very large slime creature, a large slime creature, a cyclops, an
orc warrior, an orc wizard and 2 orcs.

Vanquished Creatures
  2 unseen horrors (D:10)
  A cyclops (D:7)
  Joseph (D:7)
  A slime creature (D:11)
  2 hippogriffs
  A wraith (D:10)
  A wyvern (D:9)
  2 wargs (D:8)
  A water moccasin (D:7)
  6 orc warriors
  3 sky beasts
  2 black bears
  4 ice beasts
  2 necrophages (D:9)
  2 centaurs
  A phantom (D:4)
  3 ogres
  8 bullfrogs
  2 gnoll sergeants
  A wyvern zombie (D:8)
  A water moccasin zombie (D:5)
  5 scorpions
  10 wights
  2 killer bees (D:10)
  2 bullfrog zombies
  A quasit (D:7)
  2 centaur zombies (D:7)
  6 orc priests
  4 hounds
  2 jellies
  12 orc wizards
  5 centaur skeletons
  2 iguanas
  6 worker ants
  A killer bee zombie (D:5)
  2 hound zombies
  2 hound skeletons
  2 howler monkey zombies
  A worker ant zombie (D:5)
  11 gnolls
  17 adders
  4 shadow imps
  5 white imps
  4 ufetubi
  4 adder zombies
  A worm (D:3)
  4 dart slugs
  3 leopard geckos
  30 orcs
  3 ball pythons
  8 bats
  5 giant cockroaches
  10 goblins
  11 hobgoblins
  15 jackals
  12 kobolds
  6 quokkas
  8 frilled lizards
  A giant cockroach zombie (D:5)
  2 leopard gecko zombies (D:5)
  A quokka zombie (D:9)
  11 rats
290 creatures vanquished.

Vanquished Creatures (collateral kills)
  Snorg (D:10)
  A two-headed ogre (D:10)
  A guardian serpent (D:10)
  A kobold demonologist (D:10)
  A troll (D:10)
  A crocodile (D:10)
  2 killer bees (D:10)
  An orc priest (D:10)
  An orc wizard (D:10)
  2 orcs (D:10)
12 creatures vanquished.

Vanquished Creatures (others)
  4 withered plants (D:5)
4 creatures vanquished.

Grand Total: 306 creatures vanquished

Notes
Turn   | Place    | Note
-------+----------+-------------------------------------------
     0 | D:1      | robertstho the Deep Dwarf Fighter began the quest for the
                  | Orb.
     0 | D:1      | Reached XP level 1. HP: 20/20 MP: 1/1
    47 | D:1      | Reached XP level 2. HP: 22/28 MP: 2/2
   202 | D:1      | Reached XP level 3. HP: 18/34 MP: 3/3
   857 | D:2      | Reached XP level 4. HP: 40/42 MP: 4/4
   983 | D:2      | Reached skill level 4 in Armour
  1281 | D:3      | Found a sacrificial altar of Ru.
  1455 | D:3      | Reached XP level 5. HP: 40/49 MP: 5/5
  1599 | D:3      | Found a white marble altar of Elyvilon.
  1689 | D:3      | Found a basalt altar of Yredelemnul.
  2238 | D:4      | Found a snail-covered altar of Cheibriados.
  2310 | D:4      | Found a radiant altar of Vehumet.
  2312 | D:4      | Noticed a phantom
  2325 | D:4      | Killed a phantom
  2325 | D:4      | Reached skill level 5 in Armour
  2325 | D:4      | Reached skill level 1 in Dodging
  2325 | D:4      | Reached XP level 6. HP: 44/57 MP: 6/6
  2559 | D:5      | Entered Level 5 of the Dungeon
  2646 | D:5      | Noticed a sky beast
  2658 | D:5      | Killed a sky beast
  2761 | D:5      | Reached XP level 7. HP: 36/66 MP: 7/7
  2764 | D:5      | Reached skill level 5 in Axes
  2822 | D:5      | Found a sparkling altar of Nemelex Xobeh.
  2998 | D:5      | Found an iron altar of Okawaru.
  2999 | D:5      | Found a bloodstained altar of Trog.
  3180 | D:5      | Found a staircase to the Ecumenical Temple.
  3192 | Temple   | Entered the Ecumenical Temple
  3231 | Temple   | Became a worshipper of Makhleb the Destroyer
  3546 | D:5      | Reached skill level 6 in Armour
  3617 | D:6      | Reached skill level 5 in Fighting
  3617 | D:6      | Reached skill level 1 in Invocations
  3617 | D:6      | Reached XP level 8. HP: 45/74 MP: 6/8
  3724 | D:6      | Reached * piety under Makhleb
  3777 | D:6      | Reached skill level 7 in Armour
  3835 | D:6      | Found Wesuim's Antique Weapon Boutique.
  3841 | D:6      | Bought a glowing scimitar for 224 gold pieces
  3906 | D:6      | Reached skill level 5 in Shields
  4006 | D:6      | Found a runed translucent door.
  4033 | D:6      | Noticed droidtality's ghost (novice HaHu)
  4303 | D:7      | Reached skill level 1 in Long Blades
  4335 | D:7      | Gained mutation: You passively map the area around you.
                  | [Deep Dwarf growth]
  4335 | D:7      | Reached XP level 9. HP: 48/81 MP: 7/7
  4354 | D:7      | Noticed a cyclops
  4372 | D:7      | Killed a cyclops
  4380 | D:7      | Reached skill level 8 in Armour
  4407 | D:7      | Reached skill level 5 in Invocations
  4734 | D:7      | Got a fine flail
  4734 | D:7      | Identified the cursed +1 flail of Kasof {protect, Fragile
                  | rPois Str+8 Stlth-} (You found it on level 7 of the
                  | Dungeon)
  4754 | D:7      | Noticed Joseph
  4772 | D:7      | Reached ** piety under Makhleb
  4783 | D:7      | Killed Joseph
  4783 | D:7      | Reached skill level 1 in Maces & Flails
  4845 | D:7      | Reached XP level 10. HP: 59/92 MP: 7/7
  5271 | D:8      | Found Roring's Magic Scroll Emporium.
  5403 | D:8      | Bought a scroll of teleportation for 39 gold pieces
  5403 | D:8      | Bought a scroll of vulnerability for 97 gold pieces
  5403 | D:8      | Bought a scroll of teleportation for 39 gold pieces
  5412 | D:8      | Found Hiepoc's Antique Weapon Boutique.
  5638 | D:8      | Found a staircase to the Lair.
  5656 | D:8      | Reached skill level 9 in Armour
  5809 | D:8      | Reached *** piety under Makhleb
  5912 | D:8      | Found an ancient bone altar of Kikubaaqudgha.
  5915 | D:8      | Found a broken altar of Ashenzari.
  5918 | D:8      | Found a shimmering altar of Xom.
  5980 | D:8      | Found Sugicw's General Store.
  5992 | D:8      | Bought a scroll of identify for 26 gold pieces
  6188 | D:8      | Found Akikullu's Weapon Shop.
  6240 | D:8      | Found a glowing golden altar of the Shining One.
  6277 | D:8      | Found a shadowy altar of Dithmenos.
  7042 | D:9      | Found a shimmering blue altar of Sif Muna.
  7569 | D:10     | Entered Level 10 of the Dungeon
  7709 | D:10     | Killed an unseen horror
  7739 | D:10     | Killed an unseen horror
  7761 | D:10     | Noticed Snorg
  7771 | D:10     | Killed Snorg
  7771 | D:10     | Reached XP level 11. HP: 80/102 MP: 9/9
  7876 | D:10     | Noticed a two-headed ogre
  7889 | D:10     | Killed a two-headed ogre
  7889 | D:10     | Reached skill level 10 in Armour
  7930 | D:10     | Reached **** piety under Makhleb
  8391 | D:11     | Reached skill level 5 in Maces & Flails
  8429 | D:11     | Annihilated by a very large slime creature

Illustrated notes

Levels and vault maps discovered:
D:1:      dpeg_arrival_short_road, layout_basic, minmay_pentomino_t4
D:2:      layout_basic, dk_noncrumbling_4
D:3:      layout_basic, old_standard_altar, lemuel_coloured_pillars_altar,
          elyvilon_altar_4
D:4:      layout_loops_ring, vehumet_crystals, lemuel_round_altar
D:5:      layout_basic, grunt_temple_overflow_bloody_war,
          nicolae_overflow_crystal_walls, minmay_temple_entry_wispy,
          serial_undead, serial_undead_e, serial_undead_b, serial_undead_a,
          serial_undead_b, serial_undead_d, serial_undead_d, serial_undead_e,
          serial_undead_d
D:6:      layout_loops_cross, serial_shops, nicolae_shop_trees,
          ebering_ghost_sewer_d
D:7:      layout_basic, grunt_ministairs_3, minmay_starry_boxes, uniq_joseph
D:8:      layout_layer_cave, tso_oasis_becter, lemuel_doored_altar,
          grunt_temple_overflow_diamond, erik_lair_orcish_takeover,
          serial_shops, shop, nicolae_shop_stone, nicolae_shop_stone, shop_coins
D:9:      layout_gridville, overflow_temple_1_default
D:10:     layout_roguey, hangedman_abyss_or_decor_stagger, minmay_fountain_box,
          minivault_1, nrook_guardian_serpent_ordinary, uniq_snorg
D:11:     layout_rooms, portal_ice_cave_entry_pillars_1, nicolae_elemental_shop,
          tgw_xom
Temple:   corrupted_temple

Skill      XL: |  1  2  3  4  5  6  7  8  9 10 11 |
---------------+----------------------------------+-----
Fighting       | 3 4 5 6 7 8 |  8.0
Axes           | 3 4 5 7 |  7.3
Armour         | 4 5 6 7 8 9 10 | 10.1
Dodging        | 1 2 |  2.3
Shields        | 4 5 6 7 8 |  8.0
Invocations    | 1 3 6 7 8 |  8.0
Long Blades    | 1 4 |  4.0
Maces & Flails | 1 4 5 |  5.2
Stealth        | |  0.2

Action                   |  1- 3 |  4- 6 |  7- 9 | 10-12 || total
-------------------------+-------+-------+-------+-------++-------
Melee: War axe           |   118 |   211 |   227 |       ||   556
       Scimitar          |       |       |   171 |       ||   171
       Flail             |       |       |    32 |   585 ||   617
Invok: Lesser Servant of |       |       |       |     1 ||     1
 Abil: Heal Wounds       |     1 |     3 |    17 |     4 ||    25
  Use: Scroll            |       |     8 |       |     7 ||    15
       Potion            |       |       |     2 |       ||     2
 Stab: Distracted        |       |       |       |     1 ||     1
Armor: Scale mail        |    61 |     9 |       |       ||    70
       Chain mail        |       |   107 |   251 |    68 ||   426
       Plate armour      |       |       |       |   382 ||   382
Dodge: Dodged            |    39 |    47 |   125 |   160 ||   371
Block: Kite shield       |    72 |   109 |   278 |   401 ||   860
       Tower shield      |       |       |       |    71 ||    71
       Rpst.: Scimitar   |       |       |    13 |       ||    13

Table legend: (Time is in decaauts)
 A = Elapsed time spent in this place.
 B = Non-inter-level travel time spent in this place.
 C = Inter-level travel time spent in this place.
 D = Time resting spent in this place.
 E = Time spent auto-exploring this place.
 F = Levels seen in this place.
 G = Mean time per level.
                   A        B        C        D        E       F      G
               +--------+--------+--------+--------+--------+-----+--------+
         Total |   8849 |   8396 |    453 |      0 |   5822 |  12 |  737.4 |
       Dungeon |   8791 |   8356 |    435 |      0 |   5791 |  11 |  799.2 |
        Temple |     57 |     39 |     18 |      0 |     31 |   1 |   57.0 |
               +--------+--------+--------+--------+--------+-----+--------+

Top non-repeatable levels by time:
     D:8: 1506 daAuts
     D:7: 1065 daAuts
     D:5: 1018 daAuts
     D:9: 889 daAuts
    D:10: 802 daAuts
     D:3: 770 daAuts
     D:1: 768 daAuts
     D:6: 723 daAuts
     D:4: 594 daAuts
     D:2: 551 daAuts
    D:11: 101 daAuts
  Temple: 57 daAuts
